 Dungeon Crawl Stone Soup version 0.30.1-11-g7821555f0a (webtiles) character file.

Game seed: 1415704426909596361

289 KittyFluff the Cudgeller (level 6, -2/57 HPs)
             Began as a Gargoyle Berserker on Oct 28, 2023.
             Was a Priest of Trog.
             Slain by a gnoll
             ... wielding a +0 spear
              (6 damage)
             ... on level 4 of the Dungeon.
             The game lasted 00:12:25 (3056 turns).

KittyFluff the Cudgeller (Gargoyle Berserker)       Turns: 3056, Time: 00:12:25

Health: -2/57      AC:  9    Str: 23    XL:     6   Next: 31%
Magic:  6/6        EV: 12    Int:  7    God:    Trog [***...]
Gold:   222        SH:  0    Dex:  9    Spells: 5/5 levels left

rFire   . . .        u - +0 quarterstaff
rCold   . . .        (shield currently unavailable)
rNeg    + . .        e - +0 leather armour
rPois   ∞            (no helmet)
rElec   +            (no cloak)
rCorr   +            p - +0 pair of gloves
SInv    .            (no boots)
Will    .....        (no amulet) Stlth
                     b - ring of resist corrosion
HPRegen 0.29/turn    (no ring)
MPRegen 0.10/turn

%: no passive effects
@: berserking, very quick
A: sickness immunity, AC +4, negative energy resistance 1, electricity
resistance, torment resistance 1, petrification resistance
a: Renounce Religion, Berserk, Trog's Hand


You were on level 4 of the Dungeon.
You worshipped Trog.
Trog was most pleased with you.
You visited 1 branch of the dungeon, and saw 4 of its levels.

You collected 222 gold pieces.

Inventory:

Hand Weapons
 a - a +0 mace
 u - a +0 quarterstaff (weapon)
Missiles
 k - 10 javelins (quivered)
 n - 6 poisoned darts
Armour
 e - a +0 leather armour (worn)
 p - a +0 pair of gloves (worn)
Jewellery
 b - a ring of resist corrosion (left hand)
Scrolls
 d - a scroll of enchant armour
 h - 2 scrolls of teleportation
 i - a scroll of immolation
 m - 2 scrolls of enchant weapon {unknown}
 q - 2 scrolls of magic mapping {unknown}
 r - a scroll of blinking {unknown}
Potions
 c - 3 potions of might {unknown}
 f - 2 potions of curing
 g - 3 potions of heal wounds
 j - 2 potions of flight {unknown}
 l - 2 potions of attraction {unknown}
 o - a potion of cancellation {unknown}
 s - a potion of lignification {unknown}
 t - a potion of mutation {unknown}


   Skills:
 + Level 4.2 Fighting
 + Level 4.7 Maces & Flails
 * Level 0.1(2.8) Staves
 * Level 4.4 Armour
 + Level 2.4 Dodging


You had 5 spell levels left.
You didn't know any spells.
Your spell library was empty.

Dungeon Overview and Level Annotations

Branches:
Dungeon (4/15)
 Temple: D:4-7

Altars:
Okawaru
Ru


Innate Abilities, Weirdness & Mutations

You are immune to sickness and miasma.
Your stone body is resilient. (AC +4)
You are immune to poison.
You resist negative energy. (rN+)
You are resistant to electric shocks. (rElec)
You are resistant to unholy torment.
You are immune to petrification.


Message History

You hit the gnoll.
You kill the gnoll!
Trog accepts your kill. The gnoll hits you but does no damage.
The gnoll hits you but does no damage. x2
Things that are here:
a +0 club; a gnoll corpse; a giant cockroach corpse You hit the gnoll.
The gnoll is lightly wounded.
The gnoll hits you but does no damage. The gnoll hits you with a +0 spear.
The gnoll closely misses you. The gnoll attacks as you move away!
The gnoll barely misses you.
You closely miss the gnoll.
The gnoll is lightly wounded.
The gnoll barely misses you.
The gnoll hits you from afar with a +0 spear.
* * * LOW HITPOINT WARNING * * *
You hit the gnoll.
The gnoll is moderately wounded.
The gnoll hits you with a +0 whip.
* * * LOW HITPOINT WARNING * * *
The gnoll barely misses you.
You hit the gnoll.
The gnoll is severely wounded.
The gnoll closely misses you.
A red film seems to cover your vision as you go berserk!
You feel yourself moving faster!
You feel mighty! The gnoll hits you with a +0 whip!
* * * LOW HITPOINT WARNING * * *
The gnoll misses you.
You hit the gnoll.
The gnoll is almost dead.
The gnoll hits you with a +0 whip.
* * * LOW HITPOINT WARNING * * *
The gnoll hits you but does no damage.
You sock the gnoll!
You kill the gnoll!
Trog accepts your kill.
The gnoll hits you from afar with a +0 spear.
You die...

#)##### #.# #.)...# #.#
#.....# ##+###### #..
#.....# ###........ ###
######.....# ##.'........
#..........# #..#........
#.......#### #g##...g....
#........### ##.##........
#......#...###)@##........
+......'....[.>###########
#......######### ########


You could see a gnoll.

Vanquished Creatures
  A scorpion (D:4)
  An orc priest (D:4)
  2 adders
  6 gnolls
  2 worms
  6 dart slugs (D:1)
  7 orcs
  4 bats
  14 endoplasms
  3 giant cockroaches
  9 goblins
  8 hobgoblins
  11 jackals
  9 kobolds
  4 quokkas
  9 ball pythons
  2 frilled lizards
  9 rats
107 creatures vanquished.

Notes
Turn   | Place    | Note
-------+----------+-------------------------------------------
     0 | D:1      | KittyFluff the Gargoyle Berserker began the quest for the
                  | Orb.
     0 | D:1      | Reached XP level 1. HP: 14/14 MP: 1/1
   122 | D:1      | Reached XP level 2. HP: 16/19 MP: 2/2
   463 | D:1      | Reached XP level 3. HP: 16/23 MP: 3/3
   756 | D:1      | Reached ** piety under Trog
  1227 | D:2      | Reached XP level 4. HP: 26/28 MP: 4/4
  1775 | D:3      | Found a sacrificial altar of Ru.
  1834 | D:3      | Reached XP level 5. HP: 24/33 MP: 5/5
  2274 | D:3      | Reached *** piety under Trog
  2838 | D:4      | Reached XP level 6. HP: 22/38 MP: 6/6
  2880 | D:4      | Found an iron altar of Okawaru.
  3056 | D:4      | Slain by a gnoll

Illustrated notes

Levels and vault maps discovered:
D:1:      minmay_arrival_doors, layout_loops_corners, serial_bayou_pond_b
D:2:      layout_basic, minmay_misc_feat_cross, solitary_fountain
D:3:      minmay_chambers_of_threes, layout_basic, lemuel_doored_altar
D:4:      layout_basic, okawaru_gym_becter, cheibrodos_sewer_entry_bend,
          st_stairs_4

Skill      XL: |  1  2  3  4  5 |
---------------+----------------+-----
Armour         | 3 4 |  4.4
Dodging        | 2 |  2.4
Maces & Flails | 4 |  4.7
Fighting       | 4 |  4.2
Staves         | |  0.1

Action                     |  1- 3 |  4- 6 || total
---------------------------+-------+-------++-------
  Melee: Mace              |   112 |   241 ||   353
         Punch             |       |     2 ||     2
         Quarterstaff      |       |    12 ||    12
 Invoke: Berserk           |       |     2 ||     2
    Use: Scroll            |       |     7 ||     7
 Armour: Animal skin       |     2 |       ||     2
         Leather armour    |    40 |   113 ||   153
  Dodge: Dodged            |    83 |   181 ||   264
